 Dungeon Crawl Stone Soup version 0.17.0-56-gd8de76c (webtiles) character file.

143 sugabear the Gusty (level 5, -1/25 HPs)
             Began as a Vine Stalker Air Elementalist on Dec 5, 2015.
             Killed from afar by an orc wizard (3 damage)
             ... with a magic dart
             ... on level 4 of the Dungeon.
             The game lasted 00:06:55 (2208 turns).

sugabear the Gusty (Vine Stalker Air Elementalist)  Turns: 2208, Time: 00:06:55

Health: -1/25      AC:  4    Str: 10    XL:     5   Next: 25%
Magic:  0/10       EV: 13    Int: 16    God:
Gold:   100        SH:  0    Dex: 15    Spells: 2 memorised, 6 levels left

rFire  . . .     SeeInvis .     v - +2 short sword (venom)
rCold  . . .     Clarity  .     a - +0 robe
rNeg   . . .     SustAt   .     (no shield)
rPois  .         Gourm    .     q - +0 helmet
rElec  .         Spirit   +     i - +0 cloak
rCorr  .         Warding  .     (no gloves)
rMut   .         Stasis   .     (no boots)
MR     .....                    (no amulet)
Stlth  ++........               (no ring)
                                (no ring)

@: repel missiles, not resistant to hostile enchantments, unstealthy
A: fangs 2, regeneration 1, magic shield, antimagic bite, no device heal 3, rot
immunity
a: no special abilities


You were on level 4 of the Dungeon.
You were near starving.

You visited 1 branch of the dungeon, and saw 4 of its levels.

You collected 100 gold pieces.

Inventory:

Hand Weapons
 v - a +2 short sword of venom (weapon)
Armour
 a - a +0 robe (worn)
 i - a +0 cloak (worn)
 q - a +0 helmet (worn)
Jewellery
 e - a +5 ring of dexterity {unknown}
 u - a +2 ring of dexterity {unknown}
Scrolls
 g - 2 scrolls of teleportation {unknown}
 h - a scroll of enchant armour {unknown}
 k - 2 scrolls of magic mapping {unknown}
 n - a scroll of fear {unknown}
 o - a scroll of remove curse {unknown}
 p - a scroll of identify {unknown}
 r - a scroll of amnesia {unknown}
 t - a scroll of blinking {unknown}
Books
 b - a book of Air

   Spells                             Type                      Level
   a - Shock                          Conjuration/Air              1
   b - Swiftness                      Charms/Air                   2
   c - Repel Missiles                 Charms/Air                   2
   d - Static Discharge               Conjuration/Air              3
   e - Lightning Bolt                 Conjuration/Air              5
Comestibles
 c - 2 bread rations
 d - a slice of pizza
 f - a meat ration
 s - a beef jerky


   Skills:
 + Level 0.8 Fighting
 + Level 0.5 Short Blades
 + Level 2.3 Dodging
 + Level 3.4 Stealth
 + Level 0.4 Unarmed Combat
 + Level 2.9 Spellcasting
 + Level 1.4 Conjurations
 + Level 0.4 Charms
 + Level 3.8 Air Magic


You had 6 spell levels left.
You knew the following spells:

 Your Spells              Type           Power        Failure   Level  Hunger
a - Shock                 Conj/Air       ##..         10%         1    #......
b - Repel Missiles        Chrm/Air       #.....       14%         2    ##.....


Dungeon Overview and Level Annotations

Branches:
Dungeon (4/15)
 Temple: D:4-7

Altars:
Xom


Innate Abilities, Weirdness & Mutations

You have extremely sharp teeth.
Your natural rate of healing is unusually fast.
When hurt, damage is shared between your health and your magic reserves.
Your bite disrupts and absorbs the magic of your enemies.
Potions and wands cannot restore your health.
You are immune to rotting.


Message History

Aiming: Shock
Press: ? - help, Shift-Dir - straight line, f/p - orc
Aim: an orc, wielding a morningstar and wearing a leather armour (moderately wounded)
The zap hits the orc.
The orc is severely wounded.
The orc misses you.
The orc wizard gestures wildly while chanting.
The orc wizard blinks!
Something hits you.
* * * LOW HITPOINT WARNING * * *
Unknown command.
You hit the orc.
You kill the orc!
Something hits you.
Your magical contamination has completely faded away.
You completely miss something. You bite something.
Something hits you but does no damage.
You barely miss something. The orc wizard casts a spell at you.
The magic dart hits you!
You die...

#.[ ... ...
... ### #o#
##@#####..#
#)){..#...#
#[#.)##....#
....o.##.##.#
.####......
.. ...##.#. #
##..##.#..
#...$.. .#
#..##.# ##


You could see an orc wizard.

Vanquished Creatures
  2 orc wizards (D:4)
  3 adders (D:2)
  An ooze (D:1)
  A worm (D:1)
  5 orcs
  4 bats
  5 giant cockroaches
  4 goblins
  7 hobgoblins
  4 jackals (D:1)
  3 giant newts
  7 kobolds
  4 rats
50 creatures vanquished.

Notes
Turn   | Place    | Note
--------------------------------------------------------------
     0 | D:1      | sugabear the Vine Stalker Air Elementalist began the quest for the Orb.
     0 | D:1      | Reached XP level 1. HP: 9/9 MP: 4/4
   100 | D:1      | Reached XP level 2. HP: 2/13 MP: 0/6
   478 | D:1      | Reached XP level 3. HP: 16/16 MP: 1/7
   858 | D:2      | Found a shimmering altar of Xom.
   926 | D:2      | Learned a level 2 spell: Repel Missiles
  1319 | D:2      | Reached XP level 4. HP: 21/21 MP: 9/9
  1884 | D:2      | Found a shimmering altar of Xom.
  2179 | D:2      | You fall through a shaft for 2 floors!
  2198 | D:4      | HP: 1/21 [something (3)]
  2200 | D:4      | Reached XP level 5. HP: 1/25 MP: 8/10
  2205 | D:4      | HP: 1/25 [something (2)]
  2208 | D:4      | Killed from afar by an orc wizard

Action                   |  1- 3 |  4- 6 || total
-------------------------+-------+-------++-------
Melee: Unarmed           |    33 |       ||    33
       Dagger            |    35 |     5 ||    40
       Short sword       |       |    25 ||    25
 Cast: Shock             |    38 |    15 ||    53
       Repel Missiles    |     1 |       ||     1
  Use: Potion            |       |     2 ||     2
 Stab: Sleeping          |     4 |     1 ||     5
  Eat: Chunk             |     2 |     1 ||     3
